 Seeded DCSS version 0.28-a0-1227-ga9037bb4c8 (webtiles) character file.

Game seed: 20211222 (custom seed)

81 flotson the Ducker (level 4, -9/34 HPs)
             Began as a Demonspawn Gladiator on Dec 22, 2021.
             Mangled by a black bear (10 damage)
             ... on level 3 of the Dungeon.
             The game lasted 00:03:59 (2607 turns).

flotson the Ducker (Demonspawn Gladiator)           Turns: 2607, Time: 00:03:59

Health: -9/34      AC:  8    Str: 17    XL:     4   Next: 20%
Magic:  4/4        EV:  7    Int:  9    God:
Gold:   158        SH: 15    Dex: 14    Spells: 3/3 levels left

rFire   . . .      SeeInvis .   a - +0 war axe
rCold   . . .      Faith    .   i - +0 tower shield
rNeg    . . .      Spirit   .   f - +0 ring mail
rPois   .          Reflect  .   c - +0 helmet
rElec   .          Harm     .   (no cloak)
rCorr   .          Rampage  .   (no gloves)
Will    .....                   (no boots)
Stlth   +.........              (no amulet)
HPRegen 0.11/turn               n - ring of flight
MPRegen 0.09/turn               (no ring)

@: flying
A: sharp scales 2, condensation shield
a: no special abilities


You were on level 3 of the Dungeon.
You visited 1 branch of the dungeon, and saw 3 of its levels.

You collected 158 gold pieces.

Inventory:

Hand Weapons
 a - a +0 war axe (weapon)
 l - a +0 hunting sling
Missiles
 d - 3 throwing nets (quivered)
 q - 29 sling bullets
Armour
 c - a +0 helmet (worn)
 f - a +0 ring mail (worn)
 i - a +0 tower shield (worn)
Jewellery
 n - a ring of flight (left hand)
Wands
 j - a wand of digging (5)
Scrolls
 b - 3 scrolls of enchant weapon {unknown}
 h - 2 scrolls of teleportation {unknown}
 m - a scroll of vulnerability {unknown}
Potions
 e - 2 potions of mutation {unknown}
 g - 3 potions of flight {unknown}
 k - a potion of lignification {unknown}
 o - a potion of degeneration {unknown}
 p - a potion of curing {unknown}


   Skills:
 + Level 2.7 Fighting
 - Level 2.6 Axes
 + Level 2.4 Throwing
 + Level 1.4 Armour
 + Level 3.1 Dodging
 + Level 1.0 Shields


You had 3 spell levels left.
You didn't know any spells.
Your spell library was empty.

Dungeon Overview and Level Annotations

Branches:
Dungeon (3/15)

Altars:

Annotations:
D:3 Grinder


Innate Abilities, Weirdness & Mutations

You are mostly covered in razor-sharp scales. (AC +2, Slay +2)
A meltable shield of frost defends you. (SH +4)


Message History

The black bear claws you but does no damage.
You slash the black bear!
The black bear is severely wounded.
The black bear goes berserk!
Unknown command.
You closely miss the black bear.
The black bear is severely wounded.
The black bear bites you. The black bear barely misses you.
You block the black bear's attack. The black bear barely misses you. x2
You block the black bear's attack. The black bear barely misses you.
The black bear claws you but does no damage. x2
Unknown command.
You hit the black bear but do no damage.
The black bear is severely wounded.
You closely miss the giant cockroach. You block the black bear's attack. x2
The black bear claws you. The giant cockroach bites you.
You block the black bear's attack. The black bear barely misses you.
The black bear claws you.
The giant cockroach bites you but does no damage.
An orc comes into view. It is wielding a +0 whip.
The black bear bites you. The black bear claws you. x2
* * * LOW HITPOINT WARNING * * *
The giant cockroach waves its antennae.
The giant cockroach barely misses you.
You are too injured to fight recklessly!
Unknown command.
You are too injured to fight recklessly!
Unknown command.
You are too injured to fight recklessly!
You barely miss the black bear.
The black bear is severely wounded.
The orc shouts!
You hit the giant cockroach but do no damage.
The black bear bites you but does no damage.
The black bear claws you.
* * * LOW HITPOINT WARNING * * *
You block the black bear's attack.
The giant cockroach bites you but does no damage.
The black bear bites you!
You die...

######## .......# #####
.###...###########.!....
[#..._<....#....@h..$#
.#†#.#...........B....<.
.....#######.#######....
##.### #.# ... ...# #.#
. #### #.# #.# #.# .#


You could see a black bear (berserk) and a giant cockroach.

Vanquished Creatures
  3 adders
  4 orcs (D:3)
  6 ball pythons
  5 endoplasms
  5 giant cockroaches
  4 goblins
  2 hobgoblins
  2 jackals (D:2)
  3 quokkas
  6 bats
  2 frilled lizards
  3 kobolds
  2 rats
47 creatures vanquished.

Notes
Turn   | Place    | Note
-------+----------+-------------------------------------------
     0 | D:1      | flotson the Demonspawn Gladiator began the quest for the
                  | Orb.
     0 | D:1      | Reached XP level 1. HP: 16/16 MP: 1/1
   236 | D:1      | Gained mutation: A meltable shield of frost defends you.
                  | (SH +4) [demonic ancestry]
   236 | D:1      | Reached XP level 2. HP: 22/22 MP: 2/2
  1094 | D:2      | Reached skill level 1 in Armour
  1094 | D:2      | Reached skill level 3 in Dodging
  1094 | D:2      | Gained mutation: You are partially covered in razor-sharp
                  | scales. (AC +1, Slay +1) [demonic ancestry]
  1094 | D:2      | Reached XP level 3. HP: 26/28 MP: 3/3
  2298 | D:3      | Reached skill level 1 in Shields
  2298 | D:3      | Gained mutation: You are mostly covered in razor-sharp
                  | scales. (AC +2, Slay +2) [demonic ancestry]
  2298 | D:3      | Reached XP level 4. HP: 34/34 MP: 4/4
  2461 | D:3      | Noticed Grinder
  2553 | D:3      | Found a faded altar of an unknown god.
  2598 | D:3      | Noticed a black bear
  2607 | D:3      | HP: 1/34 [black bear (5)]
  2607 | D:3      | Mangled by a black bear

Illustrated notes

Levels and vault maps discovered:
D:1:      heliophobic_arrival_battle_scene, layout_basic
D:2:      minmay_door_path, layout_loops_corners
D:3:      layout_loops_ring, basic_ecumenical_altar, uniq_grinder

Skill      XL: |  1  2  3 |
---------------+----------+-----
Throwing       | 2 |  2.4
Armour         | 1 |  1.4
Dodging        | 3 |  3.1
Shields        | 1 |  1.0
Fighting       | |  2.7
Axes           | |  2.6

Action                   |  1- 3 |  4- 6 || total
-------------------------+-------+-------++-------
Melee: War axe           |   118 |    20 ||   138
Throw: Throwing net      |       |     1 ||     1
 Stab: Sleeping          |     2 |       ||     2
Armor: Ring mail         |    49 |    15 ||    64
       Leather armour    |     3 |       ||     3
Dodge: Dodged            |    54 |    14 ||    68
Block: Buckler           |    16 |       ||    16
       Tower shield      |    66 |    20 ||    86
       Other             |     3 |       ||     3

Table legend: (Time is in decaauts)
 A = Elapsed time spent in this place.
 B = Non-inter-level travel time spent in this place.
 C = Inter-level travel time spent in this place.
 D = Time resting spent in this place.
 E = Time spent auto-exploring this place.
 F = Levels seen in this place.
 G = Mean time per level.
                   A        B        C        D        E       F      G
               +--------+--------+--------+--------+--------+-----+--------+
         Total |   2700 |   2599 |    101 |      0 |   2095 |   3 |  900.0 |
       Dungeon |   2700 |   2599 |    101 |      0 |   2095 |   3 |  900.0 |
               +--------+--------+--------+--------+--------+-----+--------+

Top non-repeatable levels by time:
     D:2: 1286 daAuts
     D:1: 1058 daAuts
     D:3: 355 daAuts
